 Dungeon Crawl Stone Soup version 0.30-a0-1074-g5db6f66fbb (webtiles) character file.

Game seed: 16565876400803611142

117 AstroCodex24 the Shield-Bearer (level 5, -1/25 HPs)
             Began as a Meteoran Fighter on Apr 14, 2023.
             Slain by Natasha (2 damage)
             ... on level 2 of the Dungeon.
             The game lasted 00:07:09 (1368 turns).

AstroCodex24 the Shield-Bearer (Meteoran Fighter)   Turns: 1368, Time: 00:07:10

Health: -1/25      AC:  8    Str: 19    XL:     5   Next: 47%
Magic:  6/6        EV:  9    Int:  9    God:
Gold:   49         SH: 10    Dex: 14    Spells: 4/4 levels left

rFire   + . .      SeeInvis .    a - +0 war axe
rCold   + . .      Faith    .    c - +0 buckler
rNeg    . . .      Spirit   .    b - +0 scale mail
rPois   .          Reflect  +    (no helmet)
rElec   .          Rampage  .    h - scarf {rC+ rF+}
rCorr   .                        g - +0 pair of gloves
Will    .....                    (no boots) Stlth
                                 m - amulet of reflection
HPRegen 0.24/turn                (no ring)
MPRegen 0.10/turn                (no ring)

@: slowed, glowing, very slow
A: sense surroundings 1, otherworldly, glowing, explore regen
a: no special abilities


You were on level 2 of the Dungeon.
You visited 1 branch of the dungeon, and saw 2 of its levels.

You collected 49 gold pieces.

Inventory:

Hand Weapons
 a - a +0 war axe (weapon)
Armour
 b - a +0 scale mail (worn)
 c - a +0 buckler (worn)
 g - a +0 pair of gloves (worn)
 h - a scarf of resistance (worn)
 p - a scarf of resistance
Jewellery
 m - an amulet of reflection (around neck)
Scrolls
 e - a scroll of identify {unknown}
 i - 3 scrolls of teleportation {unknown}
 k - a scroll of enchant armour {unknown}
 q - a scroll of vulnerability {unknown}
 r - a scroll of acquirement {unknown}
Potions
 d - a potion of might
 f - a potion of haste {unknown}
 j - a potion of lignification {unknown}
 l - a potion of magic {unknown}
 n - a potion of resistance {unknown}
 o - a potion of degeneration {unknown}


   Skills:
 + Level 3.6 Fighting
 + Level 4.1 Axes
 + Level 4.4 Armour
 + Level 1.1 Dodging
 + Level 4.5 Shields


You had 4 spell levels left.
You didn't know any spells.
Your spell library contained the following spells:

 Spells                   Type           Power      Damage    Failure   Level
 Frozen Ramparts          Ice            0%         1d1       99%         3
 Ice Form                 Ice/Tmut       0%         N/A       100%        4
 Summon Ice Beast         Ice/Summ       0%         N/A       100%        4


Dungeon Overview and Level Annotations

Branches:
Dungeon (2/15) Zot: 151

Altars:

Annotations:
D:2 Natasha


Innate Abilities, Weirdness & Mutations

You passively map a small area around you.
You are easily found by Zot.
You glow in the dark.
You regain HP and MP as you explore.


Message History

Unknown command.
Natasha closely misses you.
You closely miss Natasha. Natasha casts a spell at you.
You feel yourself slow down.
You slash Natasha!
Natasha is heavily wounded.
Natasha claws you but does no damage. Natasha claws you.
You hit Natasha.
Natasha is almost dead.
Natasha casts a spell.
Natasha claws you but does no damage.
You hit Natasha but do no damage.
Natasha is almost dead.
You block Natasha's attack.
The cerulean imp hits you from afar with a +0 spear.
You block Natasha's attack.
You hit Natasha.
Natasha is almost dead.
The cerulean imp hits you but does no damage.
Natasha casts a spell.
The cerulean imp hits you but does no damage.
Natasha stares at you and mumbles some strange words.
The magic dart hits you. The cerulean imp completely misses you.
You hit Natasha but do no damage.
Natasha is almost dead.
Natasha claws you.
* * * LOW HITPOINT WARNING * * *
The cerulean imp hits you from afar with a +2 spear.
* * * LOW HITPOINT WARNING * * *
The cerulean imp barely misses you.
Natasha growls.
Natasha mumbles some strange words.
The cerulean imp hits you but does no damage. x2
You hit Natasha but do no damage.
Natasha is almost dead.
Natasha claws you.
* * * LOW HITPOINT WARNING * * *
The cerulean imp closely misses you. x2; Natasha claws you.
You die...

,, ##.## #.# * .. , #)# #.#
####.### #.# #.####### ##......#
##'## #>......# #.....#.#
##...## #.......# #.#...#.#
##.....## #.###...# #.###.#.#
##...55..## #.>.....#
#...#...###.....h...####...#...#
...#......'.....@...'..........#
##.###.####.......5.####...#####
#...#.# ##.......## ##..#
###...## ##.....## ##.# #.....#
##...## #.# ##.#.#.# ##+## #.#
#....#.# * #.# #..###.##### ,
#.# #..........# #.#


You could see Natasha and 3 cerulean imps.

Vanquished Creatures
  Natasha (twice) (D:2)
  2 adders (D:2)
  A worm (D:2)
  A dart slug (D:2)
  2 endoplasms
  3 giant cockroaches
  7 goblins
  4 hobgoblins
  A quokka (D:2)
  6 ball pythons
  2 bats
  A frilled lizard (D:1)
  7 kobolds
  3 rats (D:1)
42 creatures vanquished.

Vanquished Creatures (others)
  3 plants (D:2)
3 creatures vanquished.

Grand Total: 45 creatures vanquished

Notes
Turn   | Place    | Note
-------+----------+-------------------------------------------
     0 | D:1      | AstroCodex24 the Meteoran Fighter began the quest for the
                  | Orb.
     0 | D:1      | Reached XP level 1. HP: 19/19 MP: 2/2
    62 | D:1      | Reached XP level 2. HP: 24/26 MP: 3/3
   222 | D:1      | Reached XP level 3. HP: 30/31 MP: 4/4
   918 | D:2      | Noticed Natasha
   928 | D:2      | Reached skill level 1 in Dodging
   928 | D:2      | Reached XP level 4. HP: 29/38 MP: 5/5
   932 | D:2      | Killed Natasha
  1038 | D:2      | Reached XP level 5. HP: 45/45 MP: 6/6
  1041 | D:2      | Noticed Natasha
  1055 | D:2      | Glimpsed the power of Zot.
  1097 | D:2      | Glimpsed the power of Zot.
  1130 | D:2      | Glimpsed the power of Zot.
  1137 | D:2      | Touched by the power of Zot.
  1172 | D:2      | Killed Natasha
  1229 | D:2      | Glimpsed the power of Zot.
  1276 | D:2      | Glimpsed the power of Zot.
  1316 | D:2      | Glimpsed the power of Zot.
  1326 | D:2      | Touched by the power of Zot.
  1357 | D:2      | Noticed Natasha
  1368 | D:2      | HP: 1/25 [Natasha (1)]
  1368 | D:2      | Slain by Natasha

Illustrated notes

Levels and vault maps discovered:
D:1:      minmay_arrival_semitransparent, layout_rooms,
          kennysheep_decorative_pillar
D:2:      layout_loops_corners, chequers_big_river, minmay_pentomino_z2,
          uniq_natasha

Skill      XL: |  1  2  3  4  5 |
---------------+----------------+-----
Shields        | 4 |  4.5
Armour         | 4 |  4.4
Axes           | 3 4 |  4.1
Dodging        | 1 |  1.1
Fighting       | |  3.6

Action                     |  1- 3 |  4- 6 || total
---------------------------+-------+-------++-------
  Melee: War axe           |    78 |    68 ||   146
 Armour: Scale mail        |    53 |    56 ||   109
  Dodge: Dodged            |    42 |    26 ||    68
  Block: Buckler           |    45 |    46 ||    91
         Reflection        |     1 |       ||     1

Table legend: (Time is in decaauts)
 A = Elapsed time spent in this place.
 B = Non-inter-level travel time spent in this place.
 C = Inter-level travel time spent in this place.
 D = Time resting spent in this place.
 E = Time spent auto-exploring this place.
 F = Levels seen in this place.
 G = Mean time per level.
                   A        B        C        D        E       F      G
               +--------+--------+--------+--------+--------+-----+--------+
         Total |   1447 |   1396 |     51 |      0 |      0 |   2 |  723.5 |
       Dungeon |   1447 |   1396 |     51 |      0 |      0 |   2 |  723.5 |
               +--------+--------+--------+--------+--------+-----+--------+

Top non-repeatable levels by time:
     D:2: 957 daAuts
     D:1: 490 daAuts
